 Dungeon Crawl Stone Soup version 0.17-a0-1663-gb806841 (webtiles) character file.

47 JEM123 the Sneak (level 3, -5/19 HPs)
             Began as a Kobold Enchanter on Aug 17, 2015.
             Slain by an orc
             ... wielding a +0 hand axe
              (7 damage)
             ... on level 3 of the Dungeon.
             The game lasted 00:08:16 (1607 turns).

JEM123 the Sneak (Kobold Enchanter)                 Turns: 1607, Time: 00:08:16

Health: -5/19      AC:  3    Str:  7    XL:     3   Next: 97%
Magic:  5/6        EV: 15    Int: 13    God:
Gold:   166        SH:  0    Dex: 16    Spells: 3 memorised, 0 levels left

rFire  . . .     SeeInvis .     l - +0 short sword
rCold  . . .     Clarity  .     b - +1 robe
rNeg   . . .     SustAt   .     (shield restricted)
rPois  .         Gourm    .     (no helmet)
rElec  .         Spirit   .     (no cloak)
rCorr  .         Warding  .     (no gloves)
rMut   .         Stasis   .     (no boots)
MR     .....                    (no amulet)
Stlth  +++.......               (no ring)
                                (no ring)

@: not resistant to hostile enchantments, fairly stealthy
A: carnivore 3
a: no special abilities


You were on level 3 of the Dungeon.
You were not hungry.

You visited 1 branch of the dungeon, and saw 3 of its levels.

You collected 166 gold pieces.

Inventory:

Hand weapons
 a - a +1 dagger
 l - a +0 short sword (weapon)
 q - a cursed -2 hunting sling
Missiles
 h - 30 poisoned needles
 u - 13 stones (quivered)
Armour
 b - a +1 robe (worn)
Scrolls
 g - a scroll of remove curse {unknown}
 k - 2 scrolls of fear {unknown}
 m - a scroll of recharging {unknown}
 n - 2 scrolls of teleportation {unknown}
 o - 3 scrolls of identify {unknown}
 p - a scroll of blinking {unknown}
 t - a scroll of enchant armour {unknown}
Potions
 e - a potion of might {unknown}
 f - 3 potions of curing {unknown}
 i - a potion of haste {unknown}
 r - a potion of degeneration {unknown}
 s - a potion of poison {unknown}
Books
 c - a book of Maledictions

   Spells                             Type                      Level
   a - Corona                         Hexes                        1
   b - Ensorcelled Hibernation        Hexes/Ice                    2
   c - Confuse                        Hexes                        3
   d - Tukima's Dance                 Hexes                        3
   e - Dazzling Spray                 Conjuration/Hexes            3
Comestibles
 d - 2 meat rations
 j - a beef jerky


   Skills:
 - Level 1.3 Short Blades
 - Level 2.4 Dodging
 + Level 4.9 Stealth
 - Level 2.0 Spellcasting
 * Level 4.1 Hexes


You couldn't memorise any spells.
You knew the following spells:

 Your Spells              Type           Power        Failure   Level  Hunger
a - Corona                Hex            ##.....      6%          1    ##.....
b - Ensorcelled Hibernat  Hex/Ice        #.....       17%         2    ###....
c - Confuse               Hex            ##......     14%         3    ####...


Dungeon Overview and Level Annotations

Branches:
Dungeon (3/15)

Altars:


Innate Abilities, Weirdness & Mutations

You are small and have problems with some larger weapons.
You are carnivorous and can eat meat at any time.


Message History

Press: ? - help, Shift-Dir - straight line, f - orc priest
Aim: an orc priest, wielding a hand axe (chance to defeat MR: 49%)
The orc priest is outlined in light.
The orc priest barely misses you.
You closely miss the orc priest.
The orc priest calls down the wrath of Beogh upon you.
Pain shoots through your body!
Ouch! That really hurt!
You hit the orc priest but do no damage.
The orc priest misses you.
The orc shouts!
You hit the orc priest.
The orc priest is lightly wounded.
The orc priest hits you but does no damage.
You hit the orc priest.
The orc priest is moderately wounded.
The orc priest hits you with a hand axe.
* * * LOW HITPOINT WARNING * * *
An orc warrior comes into view. It is wielding a dire flail.
The orc priest stops glowing.
The orc hits you with a hand axe!
You die...

#..####.##.).#...#
#.......####...# ##.######
#...# #.# #...# #.# #...#
######## ###.#### #...#
#......# #......# #...#..
#......###.#.##.######.....#
#.......##.#.##.@o..oo.....#
+..#....##.#......o........#
........##.#..#...........[#
...<..........#.######...#.#
........##......# ......
##......####.#### ...###
#.......# #.# ..# #.#####.#
#.# ..# #.. .# #.#


You could see an orc warrior, an orc priest and 2 orcs.

Vanquished Creatures
  2 adders (D:2)
  2 giant geckos (D:1)
  4 giant cockroaches (D:1)
  3 goblins
  5 hobgoblins
  3 kobolds
  4 bats
  A giant newt (D:1)
  4 rats
28 creatures vanquished.

Notes
Turn   | Place    | Note
--------------------------------------------------------------
     0 | D:1      | JEM123 the Kobold Enchanter began the quest for the Orb.
     0 | D:1      | Reached XP level 1. HP: 10/10 MP: 3/3
   151 | D:1      | Reached XP level 2. HP: 7/15 MP: 3/5
   263 | D:1      | Learned a level 2 spell: Ensorcelled Hibernation
   780 | D:2      | Reached XP level 3. HP: 19/19 MP: 6/6
  1199 | D:2      | Learned a level 3 spell: Confuse
  1605 | D:3      | Noticed an orc warrior
  1607 | D:3      | Slain by an orc

Vault maps used:
D:1:      sevenhm_arrival_forest_fort_large_4
D:2:      first_bread, grunt_decor_one_mirror, minmay_misc_feat_plants,
          lemuel_another_geyser
D:3:      nicolae_ru_great_annihilating_truth, gammafunk_temple_overflow_wave,
          uniq_natasha, uniq_terence

Action                   || total
-------------------------++-------
Melee: Dagger            ||    18
       Short sword       ||    82
 Cast: Corona            ||    19
 Stab: Sleeping          ||     7
       Distracted        ||     1
  Eat: Chunk             ||     5
